 Dungeon Crawl Stone Soup version 0.13-a0-2606-g170388b (webtiles) character file.

861 Kae the Basher (level 7, 0/88 HPs)
             Began as a Minotaur Berserker on Aug 4, 2013.
             Was a Priest of Trog.
             Slain by a goblin
             ... wielding a +0,+0 club
              (4 damage)
             ... on Level 3 of the Dungeon.
             The game lasted 00:05:42 (2975 turns).

Kae the Basher (Minotaur Berserker)                 Turns: 2975, Time: 00:05:42

HP   0/88        AC  2     Str 27      XL: 7   Next: 47%
MP   2/2         EV 12     Int  5      God: Trog [***...]
Gold 118         SH  0     Dex 10      Spells:  0 memorised,  6 levels left

Res.Fire  : . . .   See Invis. : .   a - +0 mace
Res.Cold  : . . .   Warding    : .   b - +0 animal skin
Life Prot.: . . .   Conserve   : .   (no shield)
Res.Poison: .       Res.Corr.  : .   (helmet restricted)
Res.Elec. : .       Clarity    : .   (no cloak)
Sust.Abil.: . .     Spirit.Shd : .   (no gloves)
Res.Mut.  : .       Stasis     : .   (no boots)
Res.Rott. : .       Flight     : .   (no amulet)
Saprovore : . . .                    (no ring)
                                     (no ring)

@: regenerating, berserking, very quick, very resistant to hostile enchantments,
extremely unstealthy
A: retaliatory headbutt, horns 2
a: Burn Spellbooks, Berserk, Trog's Hand, Renounce Religion


You were on level 3 of the Dungeon.
You worshipped Trog.
Trog was greatly pleased with you.
You were very hungry.

You visited 1 branch of the dungeon, and saw 3 of its levels.
You also visited: Sewer.

You collected 98 gold pieces.

Inventory:

Hand weapons
 a - a +0,+0 mace (weapon)
 o - a +0,+1 scythe of venom
Armour
 b - a +0 animal skin (worn)
Magical devices
 n - a wand of confusion (10) {unknown}
 s - a wand of heal wounds (7) {unknown}
 w - a wand of teleportation (0)
Comestibles
 c - 2 bread rations
 q - an apple
 t - a choko
Scrolls
 g - a scroll of magic mapping {unknown}
 h - 2 scrolls of identify
 k - 5 scrolls of teleportation
 l - a scroll of enchant armour
 p - a scroll of amnesia {unknown}
Potions
 d - a potion of magic {unknown}
 e - 2 potions of speed {unknown}
 f - 2 potions of might
 i - a potion of brilliance {unknown}
 j - a potion of agility {unknown}
 m - 4 potions of curing


   Skills:
 - Level 3.6 Fighting
 + Level 10.5 Maces & Flails
 - Level 2.4 Armour
 - Level 2.1 Dodging


You had 6 spell levels left.
You didn't know any spells.

Dungeon Overview and Level Annotations

Branches:
Dungeon (3/27)

Altars:


Innate Abilities, Weirdness & Mutations

You reflexively headbutt those who attack you in melee.
You have a pair of horns on your head.


Message History

You feel yourself moving faster!
You feel mighty!
You are feeling very hungry.
The hippogriff closely misses you. The hippogriff barely misses you.
The hippogriff barely misses you. The goblin hits you with a club.
* * * LOW HITPOINT WARNING * * *
You hit the hippogriff.
The hippogriff is moderately wounded.
The hippogriff barely misses you. The hippogriff pecks you.
* * * LOW HITPOINT WARNING * * *
The hippogriff claws you.
* * * LOW HITPOINT WARNING * * *
You barely miss the hippogriff. You headbutt the hippogriff!
The hippogriff is heavily wounded.
The goblin hits you with a club.
* * * LOW HITPOINT WARNING * * *
You hit the hippogriff. You headbutt the hippogriff!
You kill the hippogriff!
Trog accepts your kill.
You completely miss the goblin. The goblin hits you with a club.
You die...

...............#
...............#
######.........#
####'######
##### #.#
#....##'####
#....#.....#
#...g#.....#
+...%@.....#
#....#.....#
#....#######
#.... #....
#####


You could see a goblin.

Vanquished Creatures
  Grinder (D:3)
  A hippogriff (D:3)
  Purgy (D:3)
  Sigmund (D:2)
  A gnoll shaman (D:3)
  A big fish (Sewer)
  Ijyb (D:2)
  2 adders
  3 gnolls (D:3)
  A worm (D:2)
  2 giant mites
  2 grey rats (D:3)
  A giant gecko (D:2)
  An orc (D:3)
  5 bats
  4 giant cockroaches
  5 hobgoblins
  10 jackals
  2 quokkas (D:2)
  4 ball pythons (Sewer)
  9 giant newts
  5 goblins
  17 kobolds
  8 rats
  2 plants (Sewer)
90 creatures vanquished.

Notes
Turn   | Place    | Note
--------------------------------------------------------------
     0 | D:1      | Kae, the Minotaur Berserker, began the quest for the Orb.
     0 | D:1      | Reached XP level 1. HP: 19/19 MP: 0/0
    48 | D:1      | Reached skill level 4 in Maces & Flails
   219 | D:1      | Reached XP level 2. HP: 23/26 MP: 0/0
   717 | D:2      | Reached skill level 5 in Maces & Flails
   766 | D:2      | Acquired Trog's second power
   774 | D:2      | Reached XP level 3. HP: 17/33 MP: 1/1
  1098 | D:2      | Noticed Sigmund
  1112 | D:2      | Killed Sigmund
  1112 | D:2      | Reached skill level 6 in Maces & Flails
  1112 | D:2      | Reached XP level 4. HP: 23/39 MP: 1/1
  1258 | D:2      | Noticed Ijyb
  1300 | D:2      | Reached XP level 5. HP: 43/46 MP: 1/1
  1423 | D:2      | Reached skill level 7 in Maces & Flails
  1474 | D:2      | Killed Ijyb
  1728 | D:3      | Noticed Purgy
  1741 | D:3      | Killed Purgy
  1741 | D:3      | Reached skill level 8 in Maces & Flails
  1833 | D:3      | Reached XP level 6. HP: 28/52 MP: 2/2
  1875 | D:3      | Found a glowing drain.
  1880 | Sewer    | Entered a sewer
  2848 | D:3      | Reached skill level 9 in Maces & Flails
  2943 | D:3      | Noticed Grinder
  2963 | D:3      | Killed Grinder
  2963 | D:3      | Reached skill level 10 in Maces & Flails
  2963 | D:3      | Reached XP level 7. HP: 37/59 MP: 2/2
  2966 | D:3      | Noticed a hippogriff
  2971 | D:3      | HP: 4/88 [goblin/club (4)]
  2974 | D:3      | Killed a hippogriff
  2975 | D:3      | Slain by a goblin

Action                   |  1- 3 |  4- 6 |  7- 9 || total
-------------------------+-------+-------+-------++-------
Melee: Mace              |    86 |   201 |     6 ||   293
Invok: Berserk           |     1 |     1 |     1 ||     3
       Trog's Hand       |     1 |     2 |     1 ||     4
  Use: Scroll            |       |     9 |       ||     9
       Potion            |       |     1 |       ||     1
